 Dungeon Crawl Stone Soup version 0.31-a0-744-gbc345e7fcb (webtiles) character file.

Game seed: 8887957618971615058

11497 cforsyth the Fighter (level 12, -8/72 (88) HPs)
             Began as a Djinni Delver on Sept 14, 2023.
             Was a Priest of Hepliaklqana.
             Mangled by a sixfirhy (11 damage)
             ... in a Gauntlet.
             The game lasted 00:31:06 (15337 turns).

cforsyth the Fighter (Djinni Delver)               Turns: 15337, Time: 00:31:07

HP:   -8/72 (88)    AC:  4    Str: 11    XL:     12   Next: 8%
Gold: 504           EV: 17    Int: 15    God:    Hepliaklqana [***...] SH:  0 Dex: 17

rFire   + + .        z - +2 short sword (freeze)
rCold   x . .        (no shield)
rNeg    . . .        J - +0 troll leather armour
rPois   ∞            C - +0 helmet
rElec   .            (no cloak)
rCorr   .            (no gloves)
SInv    .            (boots unavailable)
Will    ++...        (no amulet)
Stlth   +++          o - +5 ring of evasion
HPRegen 1.12/turn    F - ring of willpower
MPRegen 0.00/turn

%: no teleportation, infuse magic (-9 HP)
@: flying, studying Polearms, heavily drained
A: reduced essence, sickness immunity, fire resistance 2, cold vulnerability 1,
float, innate caster, HP casting, extra vitality 1
a: Renounce Religion, Recall Ancestor, Ancestor Identity, Transference


You were in a Gauntlet.
You worshipped Hepliaklqana.
Hepliaklqana was most pleased with you.
You visited 2 branches of the dungeon, and saw 12 of its levels.
You also visited: Gauntlet.

You collected 504 gold pieces.

Inventory:

Hand Weapons
 a - a +0 falchion
 x - a +4 halberd
 z - a +2 short sword of freezing (weapon)
 B - a +4 dagger of draining
 D - a +5 antimagic hand axe
Armour
 b - a +0 leather armour
 e - +0 steam dragon scales
 C - a +0 helmet (worn)
 J - a +0 troll leather armour (worn)
Jewellery
 o - a +5 ring of evasion (left hand)
 F - a ring of willpower (right hand)
Wands
 g - a wand of digging (18)
 q - a wand of roots (21)
 u - a wand of charming (13)
 E - a wand of flame (7)
Scrolls
 c - 4 scrolls of fog
 d - a scroll of revelation
 k - a scroll of blinking
 l - 3 scrolls of noise
 w - a scroll of torment {unknown}
 y - 3 scrolls of vulnerability {unknown}
 A - a scroll of enchant weapon {unknown}
 G - a scroll of immolation {unknown}
 H - 2 scrolls of teleportation
Potions
 f - a potion of haste
 h - 2 potions of attraction {unknown}
 i - 2 potions of mutation
 j - 2 potions of degeneration {unknown}
 m - a potion of brilliance {unknown}
 n - 3 potions of heal wounds
 p - 2 potions of lignification {unknown}
 r - 5 potions of curing
 s - a potion of resistance {unknown}
 t - a potion of berserk rage {unknown}
 v - a potion of might {unknown}
 I - a potion of ambrosia {unknown}


   Skills:
 + Level 13.3 Fighting
 - Level 1.7 Long Blades
 - Level 2.1 Dodging
 - Level 4.1 Stealth
 + Level 9.8 Spellcasting
 + Level 9.8 Conjurations
 + Level 9.8 Hexes
 + Level 9.8 Summonings
 + Level 9.8 Necromancy
 + Level 9.8 Translocations
 + Level 9.8 Transmutations
 + Level 9.8 Fire Magic
 + Level 9.8 Ice Magic
 + Level 9.8 Air Magic
 + Level 9.8 Earth Magic
 + Level 9.8 Poison Magic


You knew the following spells:

 Your Spells              Type           Power      Damage    Failure   Level
a - Kiss of Death         Conj/Necr      100%       2d13      1%          1
b - Searing Ray           Conj           72%        2d7       1%          2
c - Volatile Blastmotes   Fire/Tloc      72%        2d16      1%          3
d - Vhi's Electric Charg  Tloc/Air       72%        N/A       2%          4
e - Metabolic Englaciati  Hex/Ice        18%        N/A       6%          5
Your spell library was empty.

Dungeon Overview and Level Annotations

Branches:
Dungeon (11/15)            Temple (1/1) D:7            Lair (0/5) D:11
Gauntlet (1/1)
    Orc: D:9-12

Altars:
Ashenzari
Cheibriados
Dithmenos
Elyvilon
Fedhas
Gozag
Hepliaklqana
Makhleb
Nemelex Xobeh
Okawaru
Qazlal
Ru
Trog
Uskayaw
Wu Jian
Xom
Yredelemnul
Zin
The Shining One

Shops:
D:8 *

Annotations:
D:7 1 runed translucent door, Crazy Yiuf
D:8 1 runed translucent door Gauntlet 13 transporters


Innate Abilities, Weirdness & Mutations

Your life essence is reduced to manifest your ancestor. (-10% HP)
You are immune to sickness and miasma.
You are immune to poison.
Your flesh is very heat resistant. (rF++)
You are vulnerable to cold. (rC-)
You float through the air rather than walking.
You learn spells naturally, not from books.
Your magical power is your life essence.
You have superior vitality. (+4 MHP)


Message History

Kateb blocks the sixfirhy's attack.
The ufetubus barely misses Kateb. x2
The ufetubus hits Kateb but does no damage. x2
The sixfirhy hits Kateb!
The sixfirhy shocks Kateb!
The sixfirhy closely misses Kateb.
The sixfirhy hits Kateb.
Kateb is destroyed!
Casting: Volatile Blastmotes (safe; 1% risk of failure)
Confirm with . or Enter, or press ? or * to list all spells.
A cloud of volatile blastmotes flares up around you!
The cloud of blastmotes explodes!
The concussive blast engulfs the sixfirhy!
The sixfirhy is heavily wounded.
The sixfirhy barely misses you.
You see here a ring of fire.
The cloud of blastmotes explodes!
The concussive blast engulfs the sixfirhy!
The sixfirhy is severely wounded.
The concussive blast engulfs you! You resist.
You hit the sixfirhy. You freeze the sixfirhy.
The sixfirhy is almost dead.
The sixfirhy misses you. The sixfirhy completely misses you.
The sixfirhy hits you! The sixfirhy shocks you! The sixfirhy hits you.
The sixfirhy shocks you!
Casting: Volatile Blastmotes (safe; 1% risk of failure)
Confirm with . or Enter, or press ? or * to list all spells.
Aiming: Searing Ray (safe; 1% risk of failure)
Press: ? - help, Shift-Dir - straight line, f - ufetubus
Aim: an ufetubus (68% to hit)
The searing ray misses the sixfirhy.
The searing ray hits the ufetubus!
You kill the ufetubus!
The searing ray hits the ufetubus!
You kill the ufetubus! (Press . to maintain the ray.)
The sixfirhy hits you!
* * * LOW HITPOINT WARNING * * *
The sixfirhy shocks you!
* * * LOW HITPOINT WARNING * * *
The sixfirhy barely misses you. The sixfirhy hits you.
* * * LOW HITPOINT WARNING * * *
The sixfirhy shocks you!
You die...

#≈..#.#.#.#.#..#..≈# #≈..#..
##.©##.#©.#©#©.#.§## ##..#.©
#≈..#.##.#Z.#..#..≈###≈..#..
##..##..##.?#..#..##≈##..#..
#§..#.##..###..#.........#..
###§.#########..#.........#..
#≈...........#..###########..
##§..#########..#.......Gu#..
#§§∩.#.##.#?@#..#u.##.##..#..
##§§.##..##3##..#.#..#..#[#..
#≈...##.#5.###..#.#..#..#!#..
##.8©#.##©#.©#©©#..#####.©#©©
#≈...##..##.##..#.#.©#..#(#..
##...##.#..###..#.#..#..#.#..
#≈.∩.#.##.#..#..#..##.##..#..
##...#########..#.........#..
#§...........#..###########..


You could see a red ugly thing, a spectral death yak, a sixfirhy and an
ufetubus.

Vanquished Creatures
  2 two-headed ogres (D:10)
  Sonja (D:11)
  Amaemon (D:8)
  Pikel (D:7)
  A water nymph (shapeshifter) (D:8)
  An orange demon (D:8)
  A hornet (D:8)
  A shadow (D:9)
  2 wyverns (D:7)
  12 yaks
  A water elemental (D:11)
  3 steam dragons
  An acid dragon (D:8)
  3 water moccasins
  3 ice beasts
  2 orc warriors
  2 sky beasts (D:6)
  A black bear (D:4)
  2 ogres
  2 centaurs
  A phantom (D:5)
  3 lemures
  3 kobold brigands
  2 bullfrogs
  5 scorpions
  6 wights
  4 killer bees (D:4)
  A howler monkey (D:6)
  5 hounds
  9 orc priests
  3 jellies
  An iguana (D:5)
  10 orc wizards
  Robin (D:2)
  11 gnolls
  3 adders
  A shadow imp (D:8)
  A white imp (D:6)
  3 ufetubi (Gauntlet)
  2 worms
  5 dart slugs
  28 orcs
  8 ball pythons
  4 bats
  8 endoplasms
  2 giant cockroaches
  11 goblins
  13 hobgoblins
  17 kobolds
  A quokka (D:5)
  4 frilled lizards
  6 rats
225 creatures vanquished.

Vanquished Creatures (collateral kills)
  An ugly thing (D:8)
  A troll (D:10)
  A hornet (D:10)
  2 steam dragons
  An acid dragon (D:9)
  A wight (D:8)
  A gnoll bouda (D:8)
  An orc (D:9)
9 creatures vanquished.

Vanquished Creatures (others)
  A deep elf pyromancer (D:10)
  A knight (Gauntlet)
  6 ancestors
8 creatures vanquished.

Grand Total: 242 creatures vanquished

Notes
Turn   | Place    | Note
-------+----------+-------------------------------------------
     0 | D:5      | cforsyth the Djinni Delver began the quest for the Orb.
     0 | D:5      | Reached XP level 1. HP: 20/20 MP: 0/0
     1 | D:5      | Noticed a water moccasin
    97 | D:4      | Noticed a black bear
   164 | D:3      | Reached XP level 2. HP: 25/25 MP: 0/0
   388 | D:3      | Reached skill level 1 in Spellcasting
   388 | D:3      | Reached skill level 1 in Conjurations
   388 | D:3      | Reached skill level 1 in Hexes
   388 | D:3      | Reached skill level 1 in Summonings
   388 | D:3      | Reached skill level 1 in Necromancy
   388 | D:3      | Reached skill level 1 in Translocations
   388 | D:3      | Reached skill level 1 in Transmutations
   388 | D:3      | Reached skill level 1 in Fire Magic
   388 | D:3      | Reached skill level 1 in Ice Magic
   388 | D:3      | Reached skill level 1 in Air Magic
   388 | D:3      | Reached skill level 1 in Earth Magic
   388 | D:3      | Reached skill level 1 in Poison Magic
   413 | D:3      | Found a faded altar of an unknown god.
   594 | D:3      | Reached XP level 3. HP: 27/30 MP: 0/0
   594 | D:3      | Learned a level 1 spell: Kiss of Death
   636 | D:3      | Found a basalt altar of Yredelemnul.
   763 | D:4      | Reached XP level 4. HP: 25/37 MP: 0/0
   880 | D:4      | Noticed a scorpion
   886 | D:4      | Killed a scorpion
   887 | D:4      | Reached skill level 4 in Fighting
   887 | D:4      | Reached XP level 5. HP: 29/40 MP: 0/0
   887 | D:4      | Learned a level 2 spell: Searing Ray
  1024 | D:4      | Killed a black bear
  1025 | D:4      | Reached XP level 6. HP: 6/49 MP: 0/0
  1320 | D:4      | Reached skill level 5 in Fighting
  1692 | D:4      | Reached XP level 7. HP: 18/54 MP: 0/0
  1692 | D:4      | Learned a level 3 spell: Volatile Blastmotes
  2138 | D:5      | Noticed a water moccasin
  2153 | D:4      | Reached skill level 6 in Fighting
  2804 | D:4      | Killed a water moccasin
  2805 | D:4      | Reached XP level 8. HP: 42/62 MP: 0/0
  2993 | D:5      | Reached skill level 7 in Fighting
  3807 | D:5      | Reached skill level 5 in Spellcasting
  3807 | D:5      | Reached skill level 5 in Conjurations
  3807 | D:5      | Reached skill level 5 in Hexes
  3807 | D:5      | Reached skill level 5 in Summonings
  3807 | D:5      | Reached skill level 5 in Necromancy
  3807 | D:5      | Reached skill level 5 in Translocations
  3807 | D:5      | Reached skill level 5 in Transmutations
  3807 | D:5      | Reached skill level 5 in Fire Magic
  3807 | D:5      | Reached skill level 5 in Ice Magic
  3807 | D:5      | Reached skill level 5 in Air Magic
  3807 | D:5      | Reached skill level 5 in Earth Magic
  3807 | D:5      | Reached skill level 5 in Poison Magic
  4302 | D:6      | Reached skill level 8 in Fighting
  4302 | D:6      | Reached XP level 9. HP: 39/45 MP: 0/0
  4302 | D:6      | Learned a level 4 spell: Vhi's Electric Charge
  5251 | D:6      | Found a large runed translucent door.
  5251 | D:6      | Found a large runed translucent door.
  5732 | D:6      | Reached skill level 9 in Fighting
  6131 | D:6      | Found a stormy altar of Qazlal.
  6182 | D:6      | Found a white marble altar of Elyvilon.
  6276 | D:7      | Found a staircase to the Ecumenical Temple.
  7128 | D:7      | Reached XP level 10. HP: 20/74 MP: 0/0
  7364 | D:7      | Reached skill level 10 in Fighting
  7562 | D:7      | Noticed Pikel
  7587 | D:7      | Killed Pikel
  8035 | D:7      | Found a runed translucent door.
  8036 | D:7      | Noticed Crazy Yiuf
  8366 | Temple   | Entered the Ecumenical Temple
  8385 | Temple   | Became a worshipper of Hepliaklqana the Forgotten
  8646 | D:2      | Noticed Robin
  8691 | D:2      | Killed Robin
 10559 | D:8      | Reached * piety under Hepliaklqana
 10634 | D:8      | Found Emounama's General Store.
 10638 | D:8      | Noticed Amaemon
 10641 | D:8      | Noticed an orange demon
 10660 | D:8      | Killed an orange demon
 10708 | D:8      | Killed Amaemon
 10709 | D:8      | Reached skill level 11 in Fighting
 11165 | D:8      | Noticed a white ugly thing
 11165 | D:8      | Noticed a two-headed ogre
 11165 | D:8      | Noticed a four-headed hydra
 11167 | D:8      | Noticed a cyclops
 11172 | D:8      | Found a runed translucent door.
 11467 | D:8      | Reached XP level 11. HP: 68/78 MP: 0/0
 11467 | D:8      | Learned a level 5 spell: Metabolic Englaciation
 11832 | D:8      | Noticed a cyclops
 11985 | D:8      | Noticed a purple ugly thing
 11989 | D:8      | Noticed a manticore
 11996 | D:8      | Noticed an elephant
 12001 | D:8      | an elephant changed into a water nymph
 12070 | D:8      | Noticed a glowing orange brain
 12113 | D:8      | Killed a purple ugly thing
 12122 | D:8      | Reached skill level 12 in Fighting
 12367 | D:8      | Noticed a skyshark
 13898 | D:10     | Entered Level 10 of the Dungeon
 14120 | D:10     | Noticed a two-headed ogre
 14221 | D:10     | Killed a two-headed ogre
 14289 | D:10     | Noticed a two-headed ogre
 14305 | D:10     | Killed a two-headed ogre
 14454 | D:10     | Reached ** piety under Hepliaklqana
 14455 | D:10     | Remembered your ancestor Kateb as a knight
 14651 | D:10     | Reached skill level 13 in Fighting
 14878 | D:10     | Noticed a deep elf pyromancer
 14895 | D:10     | Killed a deep elf pyromancer
 15128 | D:11     | Noticed Sonja
 15139 | D:11     | Reached XP level 12. HP: 63/88 MP: 0/0
 15151 | D:11     | Killed Sonja
 15163 | D:11     | Found a gate leading to a gauntlet.
 15172 | Gauntlet | Entered a Gauntlet
 15172 | Gauntlet | Noticed a death scarab
 15172 | Gauntlet | Noticed a sixfirhy
 15172 | Gauntlet | Found a transporter.
 15172 | Gauntlet | Found a transporter.
 15175 | Gauntlet | Found a transporter.
 15175 | Gauntlet | Found a transporter.
 15177 | Gauntlet | Found a transporter.
 15180 | Gauntlet | Noticed a great orb of eyes
 15214 | Gauntlet | Found a transporter.
 15217 | Gauntlet | Found a transporter.
 15217 | Gauntlet | Found a transporter.
 15230 | Gauntlet | Found a transporter.
 15231 | Gauntlet | Noticed a quicksilver ooze
 15244 | Gauntlet | Noticed a quicksilver ooze
 15246 | Gauntlet | Found a transporter.
 15253 | Gauntlet | Noticed a thrashing horror
 15256 | Gauntlet | Found a transporter.
 15259 | Gauntlet | Noticed a thrashing horror
 15270 | Gauntlet | Found a transporter.
 15290 | Gauntlet | Found a transporter.
 15302 | Gauntlet | Noticed a fire crab
 15304 | Gauntlet | Found a transporter.
 15307 | Gauntlet | Reached *** piety under Hepliaklqana
 15337 | Gauntlet | HP: 3/72 [sixfirhy (6)]
 15337 | Gauntlet | Mangled by a sixfirhy

Illustrated notes

Levels and vault maps discovered:
D:1:      dpeg_arrival_rooms_a, layout_basic
D:2:      wander_river, layout_rooms, uniq_robin
D:3:      layout_basic, yredelemnul_altar_generic,
          hellmonk_ecumenical_altar_heavens_door, grunt_ministairs_7,
          patterned_corridor
D:4:      layout_loops_cross, minivault_1
D:5:      kennysheep_slugbush, layout_basic
D:6:      layout_gridville, jmf_multi_god_temple2, nicolae_nh_ransacked_shop
D:7:      layout_basic, minmay_temple_entry_drinking_statues,
          uniq_crazy_yiuf_cottage, uniq_pikel
D:8:      minmay_the_grid_triangle_9x9_rhombus_full
          [minmay_the_grid_triangle_9x9_cache,
          minmay_the_grid_triangle_9x9_descending_squares,
          minmay_the_grid_triangle_9x9_subtriangle,
          minmay_the_grid_triangle_9x9_odd_lines,
          minmay_the_grid_triangle_9x9_pentomino_pain,
          minmay_the_grid_triangle_9x9_zippers_horizontal,
          minmay_the_grid_triangle_9x9_minimal,
          minmay_the_grid_triangle_9x9_prize_insulated], layout_basic,
          serial_shops, shop, minmay_manual_moon, uniq_amaemon
D:9:      layout_irregular_city
D:10:     layout_loops_ring, kennysheep_flooded_box
D:11:     layout_roguey, hellmonk_lair_entry_icy, serial_ice, serial_ice_m,
          serial_ice_j, serial_ice_o, serial_ice_a, serial_ice_f, serial_ice_d,
          serial_ice_c, serial_ice_b, portal_ice_cave_entry_ice_simulacra,
          special_room [special_room_orc], gauntlet_entry_generic, uniq_sonja
Temple:   compressed_dpeg_triangle_lava_temple
Gauntlet: gammafunk_gauntlet_mixed_choke_point [minmay_gauntlet_arena_77_mess,
          minmay_gauntlet_arena_77_tiled_triplets,
          minmay_gauntlet_arena_77_braids, nicolae_gauntlet_arena_quarters,
          minmay_gauntlet_arena_77_mirror, minmay_gauntlet_arena_77_squiggly,
          minmay_gauntlet_arena_77_chump_sandwich,
          dreamdust_gauntlet_exit_labyrinth]

Skill      XL: |  1  2  3  4  5  6  7  8  9 10 11 |
---------------+----------------------------------+-----
Spellcasting   | 1 2 3 4 5 6 8 9 |  9.8
Conjurations   | 1 2 3 4 5 6 8 9 |  9.8
Hexes          | 1 2 3 4 5 6 8 9 |  9.8
Summonings     | 1 2 3 4 5 6 8 9 |  9.8
Necromancy     | 1 2 3 4 5 6 8 9 |  9.8
Translocations | 1 2 3 4 5 6 8 9 |  9.8
Transmutations | 1 2 3 4 5 6 8 9 |  9.8
Fire Magic     | 1 2 3 4 5 6 8 9 |  9.8
Ice Magic      | 1 2 3 4 5 6 8 9 |  9.8
Air Magic      | 1 2 3 4 5 6 8 9 |  9.8
Earth Magic    | 1 2 3 4 5 6 8 9 |  9.8
Poison Magic   | 1 2 3 4 5 6 8 9 |  9.8
Fighting       | 4 5 6 8 9 11 13 | 13.3
Long Blades    | |  1.7
Dodging        | |  2.1
Stealth        | |  4.1

Action                     |  1- 3 |  4- 6 |  7- 9 | 10-12 || total
---------------------------+-------+-------+-------+-------++-------
  Melee: Falchion          |    55 |    69 |   103 |       ||   227
         Punch             |     1 |       |     5 |     2 ||     8
         Short sword       |       |       |    54 |   185 ||   239
   Cast: Kiss of Death     |       |     3 |     8 |     6 ||    17
         Searing Ray       |       |     3 |    49 |    56 ||   108
         Volatile Blastmot |       |       |    24 |    80 ||   104
         Vhi's Electric Ch |       |       |     1 |       ||     1
         Metabolic Englaci |       |       |       |     5 ||     5
 Invoke: Recall Ancestor   |       |       |       |     2 ||     2
         Ancestor Life: Kn |       |       |       |     1 ||     1
  Evoke: Wand              |       |     1 |     1 |     3 ||     5
    Use: Scroll            |       |       |     5 |     3 ||     8
         Potion            |       |       |     1 |     1 ||     2
   Stab: Sleeping          |     6 |     3 |     2 |     8 ||    19
         Distracted        |       |       |       |     1 ||     1
 Armour: Leather armour    |    30 |    56 |   152 |     2 ||   240
         Steam dragon scal |       |       |       |   143 ||   143
         Troll leather arm |       |       |       |    15 ||    15
  Dodge: Dodged            |    36 |    68 |   271 |   256 ||   631

Table legend: (Time is in decaauts)
 A = Elapsed time spent in this place.
 B = Non-inter-level travel time spent in this place.
 C = Inter-level travel time spent in this place.
 D = Time resting spent in this place.
 E = Time spent auto-exploring this place.
 F = Levels seen in this place.
 G = Mean time per level.
                   A        B        C        D        E       F      G
               +--------+--------+--------+--------+--------+-----+--------+
         Total |  15388 |  14711 |    677 |   4874 |   6993 |  13 | 1183.7 |
       Dungeon |  15185 |  14528 |    657 |   4874 |   6993 |  11 | 1380.5 |
        Temple |     38 |     19 |     19 |      0 |      0 |   1 |   38.0 |
      Gauntlet |    164 |    164 |      0 |      0 |      0 |   1 |  164.0 |
               +--------+--------+--------+--------+--------+-----+--------+

Top non-repeatable levels by time:
     D:8: 3012 daAuts
     D:6: 2510 daAuts
     D:4: 2344 daAuts
     D:5: 1796 daAuts
     D:7: 1599 daAuts
    D:10: 1206 daAuts
     D:9: 916 daAuts
     D:3: 687 daAuts
     D:1: 596 daAuts
     D:2: 449 daAuts
Gauntlet: 164 daAuts
    D:11: 65 daAuts
  Temple: 38 daAuts
